 Dungeon Crawl Stone Soup version 0.28.0-45-g0d030f2227 (webtiles) character file.

Game seed: 14386151353442788591

51 CryoSword the Grasshopper (level 3, -1/31 HPs)
             Began as a Gnoll Warper on Apr 19, 2022.
             Slain by an orc
             ... wielding a +0 flail
              (3 damage)
             ... on level 2 of the Dungeon.
             The game lasted 00:02:00 (2360 turns).

CryoSword the Grasshopper (Gnoll Warper)            Turns: 2360, Time: 00:02:01

Health: -1/31      AC:  3    Str: 10 (12) XL:     3   Next: 81%
Magic:  9/9        EV: 12    Int:  9 (12) God:
Gold:   91         SH:  0    Dex:  9 (11) Spells: 10/12 levels left

rFire   . . .      SeeInvis .   k - +0 trident
rCold   . . .      Faith    .   (no shield)
rNeg    . . .      Spirit   .   b - +0 leather armour
rPois   .          Reflect  .   (no helmet)
rElec   .          Harm     .   (no cloak)
rCorr   .          Rampage  .   (no gloves)
Will    .....                   (no boots)
Stlth   +.........              (no amulet)
HPRegen 0.10/turn               (no ring)
MPRegen 0.11/turn               (no ring)

@: lethally poisoned (-1 -> -6), hasted, very quick
A: fangs 1, strong nose, distributed training
a: no special abilities


You were on level 2 of the Dungeon.
You visited 1 branch of the dungeon, and saw 3 of its levels.

You collected 91 gold pieces.

Inventory:

Hand Weapons
 k - a +0 trident (weapon)
   (You found it on level 2 of the Dungeon)
Missiles
 d - 5 boomerangs of dispersal (quivered) {!f}
 g - 4 poisoned darts
Armour
 b - a +0 leather armour (worn)
Scrolls
 a - a scroll of amnesia {unknown}
 c - a scroll of blinking
 e - 2 scrolls of identify {unknown}
 f - 2 scrolls of enchant weapon {unknown}
 i - 2 scrolls of vulnerability {unknown}
 j - a scroll of noise {unknown}
 l - a scroll of teleportation {unknown}
Potions
 h - a potion of berserk rage {unknown}


   Skills:
 + Level 4.6 Fighting
 + Level 1.0 Short Blades
 + Level 1.0 Long Blades
 + Level 1.0 Axes
 + Level 1.0 Maces & Flails
 + Level 4.6 Polearms
 + Level 1.0 Staves
 + Level 1.0 Slings
 + Level 1.0 Bows
 + Level 1.0 Crossbows
 + Level 2.6 Throwing
 + Level 2.6 Armour
 + Level 4.6 Dodging
 + Level 1.0 Stealth
 + Level 1.0 Shields
 + Level 1.0 Unarmed Combat
 + Level 5.0 Spellcasting
 + Level 0.7 Conjurations
 + Level 0.7 Hexes
 + Level 0.7 Summonings
 + Level 0.7 Necromancy
 + Level 5.4 Translocations
 + Level 0.7 Transmutations
 + Level 0.7 Fire Magic
 + Level 0.7 Ice Magic
 + Level 0.7 Air Magic
 + Level 0.7 Earth Magic
 + Level 0.7 Poison Magic
 + Level 1.0 Invocations
 + Level 1.0 Evocations


You had 10 spell levels left.
You knew the following spells:

 Your Spells              Type           Power      Damage    Failure   Level
B - Blink                 Tloc           24%        N/A       5%          2

Your spell library contained the following spells:

 Spells                   Type           Power      Damage    Failure   Level
 Gell's Gravitas          Tloc           12%        N/A       11%         3
 Lesser Beckoning         Tloc           12%        N/A       11%         3
 Teleport Other           Tloc           12%        N/A       11%         3
 Magic Dart               Conj           12%        1d3       24%         1
 Searing Ray              Conj           6%         2d4       36%         2
 Manifold Assault         Tloc           12%        N/A       67%         5
 Fulminant Prism          Conj/Hex       1%         3d6       94%         4
 Dispersal                Tloc           6%         N/A       99%         6


Dungeon Overview and Level Annotations

Branches:
Dungeon (3/15)

Altars:


Innate Abilities, Weirdness & Mutations

You have very sharp teeth.
Your uncanny sense of smell can sniff out nearby items.
Your experience applies equally to all skills.


Message History

A rat is nearby!
Found 5 gold pieces.
Found a stone staircase leading down.
You puncture the rat!
You kill the rat!
No target in view!
No target in view!
No target in view!
No target in view!
No target in view!
No target in view!
No target in view!
You now have 91 gold pieces (gained 5).
A hobgoblin comes into view.
The hobgoblin shouts!
A hobgoblin is nearby!
A hobgoblin is nearby!
You reach to attack!
You hit the hobgoblin. You closely miss the hobgoblin.
The hobgoblin closely misses you.
The hobgoblin hits you but does no damage.
You puncture the hobgoblin!
You kill the hobgoblin!
No target in view!
No target in view!
No target in view!
No target in view!
You see here a hobgoblin corpse.
Things that are here:
a +0 dagger; 4 stones; a kobold skeleton Done exploring.
Done exploring.
Done exploring.
No target in view!
Things that are here:
a +0 dagger; 4 stones; a kobold skeleton
There is a stone staircase leading down here.
You climb downwards.
The gnoll shouts! x2; The jackal barks!
Found a shiny bone ring.
There is a stone staircase leading up here.
You closely miss the jackal.
The jackal barks!
You hear a shout!
The jackal barely misses you.
You barely miss the jackal. The jackal misses you.
The jackal closely misses you. The jackal barely misses you.
The jackal bites you. The jackal closely misses you.
The jackal bites you but does no damage.
The jackal bites you. x2
You climb upwards.
There is a stone staircase leading down here.
You barely miss the jackal. The jackal barely misses you. x3
The jackal barely misses you. x3
The jackal bites you but does no damage.
The jackal misses you. The jackal closely misses you. The jackal misses you.
The jackal barely misses you.
You hit the jackal. The jackal misses you.
You puncture the jackal!
You kill the jackal!
You barely miss the jackal. The jackal barely misses you.
You closely miss the jackal. The jackal bites you. x2
You closely miss the jackal. The jackal barely misses you.
You hit the jackal but do no damage. The jackal closely misses you.
The jackal bites you but does no damage.
You hit the jackal but do no damage. You bite the jackal, but do no damage.
The jackal closely misses you. x2
You hit the jackal.
The jackal bites you but does no damage.
You hit the jackal.
You kill the jackal!
The jackal bites you.
You closely miss the jackal. The jackal bites you.
You puncture the jackal!
You kill the jackal!
Your Short Blades skill increases to level 1!
Your Long Blades skill increases to level 1!
Your Axes skill increases to level 1!
Your Maces & Flails skill increases to level 1!
Your Staves skill increases to level 1!
Your Slings skill increases to level 1!
Your Bows skill increases to level 1!
Your Crossbows skill increases to level 1!
Your Stealth skill increases to level 1!
Your Shields skill increases to level 1!
Your Unarmed Combat skill increases to level 1!
Your Evocations skill increases to level 1!
Things that are here:
a jackal corpse; a jackal corpse; a jackal corpse Done exploring.
Done exploring.
Done exploring.
Things that are here:
a jackal corpse; a jackal corpse; a jackal corpse
There is a stone staircase leading up here.
There is a stone staircase leading down here.
You climb downwards.
There is a stone staircase leading up here.
A gnoll and an orc come into view.
The gnoll is wielding a +0 spear of venom.
The gnoll shouts!
The orc shouts!
The gnoll shouts!
You hear a shout!
An orc comes into view.
It is wielding a +1 flail of protection.
You hear a shout!
There are monsters nearby!
There are monsters nearby! 2 orcs come into view.
The gnoll shouts!
The orc shouts!
You closely miss the orc.
The gnoll shouts!
The orc hits you but does no damage. The orc hits you with a +0 flail.
You barely miss the orc. The orc misses you.
The orc shouts!
You hit the orc. The gnoll barely misses you. The orc misses you.
You completely miss the orc.
The gnoll hits you from afar with a +0 spear.
The orc misses you.
You barely miss the orc.
The gnoll hits you from afar with a +0 spear.
The orc hits you with a +0 flail.
* * * LOW HITPOINT WARNING * * *
The orc barely misses you.
There is a stone staircase leading up here.
You climb upwards.
There is a stone staircase leading down here.
You start resting.
You climb downwards.
The orc throws a boomerang.
The boomerang hits you.
The gnoll hits you from afar with a +0 spear of venom!
You are poisoned.
The orc hits you with a +0 flail.
There is a stone staircase leading up, spattered with blood here.
You feel very sick. The orc misses you.
The gnoll hits you from afar with a +0 spear of venom.
* * * LOW HITPOINT WARNING * * *
You climb upwards.
* * * LOW HITPOINT WARNING * * *
You feel very sick.
There is a stone staircase leading down here.
Okay, then.
Unknown command.
It was a potion of degeneration.
There was something very wrong with that liquid.
You feel weakened.
You feel dopey.
You feel clumsy.
* * * LOW HITPOINT WARNING * * *
You feel sick. The orc closely misses you.
Unknown command.
It was a potion of haste.
You feel yourself speed up.
* * * LOW HITPOINT WARNING * * *
You feel sick. The orc hits you with a +0 flail.
You die...

##.# #..#####>##.####
#. ##..# ##.# #.##.# #.
...########.## #.##†#
#.
#..##...##...####.##.#
######.
#..##.#....#..)......#
#......
#..##...##...####.####
#..###. #..###.####.##
#...# #..# #. #......#
#.# #.#.########..# #.
#..#####
#.####@....).......# #.
#.##
#......o.#######...# #.
#.#
#.######.#######...###.
#.#
#......................
#.#
#.############)....###.
#.#########.#
###......(
#...........# #.######
############# #.######
#.......


You could see an orc.

Vanquished Creatures
  An adder (D:2)
  2 dart slugs
  3 ball pythons
  A bat (D:1)
  2 endoplasms (D:2)
  5 giant cockroaches
  4 goblins
  3 hobgoblins
  3 jackals (D:2)
  2 quokkas
  A frilled lizard (D:1)
  2 kobolds
  3 rats
32 creatures vanquished.

Notes
Turn   | Place    | Note
-------+----------+-------------------------------------------
     0 | D:1      | CryoSword the Gnoll Warper began the quest for the Orb.
     0 | D:1      | Reached XP level 1. HP: 20/20 MP: 6/6
   201 | D:1      | Reached XP level 2. HP: 26/26 MP: 7/7
   476 | D:1      | Found a faded altar of an unknown god.
   527 | D:1      | Learned a level 2 spell: Blink
  1120 | D:2      | Reached XP level 3. HP: 31/31 MP: 9/9
  1130 | D:2      | Reached skill level 5 in Spellcasting
  1207 | D:2      | Reached skill level 1 in Invocations
  1987 | D:2      | Reached skill level 1 in Short Blades
  1987 | D:2      | Reached skill level 1 in Long Blades
  1987 | D:2      | Reached skill level 1 in Axes
  1987 | D:2      | Reached skill level 1 in Maces & Flails
  1987 | D:2      | Reached skill level 1 in Staves
  1987 | D:2      | Reached skill level 1 in Slings
  1987 | D:2      | Reached skill level 1 in Bows
  1987 | D:2      | Reached skill level 1 in Crossbows
  1987 | D:2      | Reached skill level 1 in Stealth
  1987 | D:2      | Reached skill level 1 in Shields
  1987 | D:2      | Reached skill level 1 in Unarmed Combat
  1987 | D:2      | Reached skill level 1 in Evocations
  2360 | D:2      | Slain by an orc

Illustrated notes

Levels and vault maps discovered:
D:1:      dpeg_arrival_water_temple_mockup, layout_basic,
          shapermc_ecumenical_altar_flowoftime
D:2:      layout_loops_ring, hex_large
D:3:      layout_loops_cross, mainiacjoe_overflow_alcove_4,
          nicolae_ru_great_annihilating_truth

Skill      XL: |  1  2  3 |
---------------+----------+-----
Spellcasting   | 5 |  5.0
Invocations    | 1 |  1.0
Short Blades   | 1 |  1.0
Long Blades    | 1 |  1.0
Axes           | 1 |  1.0
Maces & Flails | 1 |  1.0
Staves         | 1 |  1.0
Slings         | 1 |  1.0
Bows           | 1 |  1.0
Crossbows      | 1 |  1.0
Stealth        | 1 |  1.0
Shields        | 1 |  1.0
Unarmed Combat | 1 |  1.0
Evocations     | 1 |  1.0
Fighting       | |  4.6
Polearms       | |  4.6
Throwing       | |  2.6
Armour         | |  2.6
Dodging        | |  4.6
Conjurations   | |  0.7
Hexes          | |  0.7
Summonings     | |  0.7
Necromancy     | |  0.7
Translocations | |  5.4
Transmutations | |  0.7
Fire Magic     | |  0.7
Ice Magic      | |  0.7
Air Magic      | |  0.7
Earth Magic    | |  0.7
Poison Magic   | |  0.7

Action                   || total
-------------------------++-------
Melee: Spear             ||    79
       Bite              ||     7
       Trident           ||    35
       Punch             ||     1
 Cast: Blink             ||     1
  Use: Potion            ||     2
Armor: Leather armour    ||    20
Dodge: Dodged            ||    62
